 Dungeon Crawl Stone Soup version 0.18-a0-1514-g6ed9364 (webtiles) character file.

10 Gorice the Ducker (level 2, 14/22 HPs)
             Began as a Demonspawn Gladiator on Mar 6, 2016.
             Quit the game on level 1 of the Dungeon.
             The game lasted 00:01:47 (171 turns).

Gorice the Ducker (Demonspawn Gladiator)             Turns: 171, Time: 00:01:47

Health: 14/22      AC:  6    Str: 15    XL:     2   Next: 10%
Magic:  2/2        EV: 10    Int:  9    God:
Gold:   5          SH:  0    Dex: 13    Spells: 0 memorised, 1 level left

rFire  . . .     SeeInvis .     a - +0 flail
rCold  . . .     Gourm    .     e - +0 scale mail
rNeg   . . .     Faith    .     (no shield)
rPois  .         Spirit   .     (helmet restricted)
rElec  .         Dismiss  .     (no cloak)
rCorr  .         Reflect  .     (no gloves)
SustAt .         Harm     .     (no boots)
MR     .....                    (no amulet)
Stlth  ..........               (no ring)
                                (no ring)

@: not resistant to hostile enchantments, extremely unstealthy
A: horns 1
a: no special abilities


You were on level 1 of the Dungeon.
You were not hungry.

You visited 1 branch of the dungeon, and saw 1 of its levels.

You collected 5 gold pieces.

Inventory:

Hand Weapons
 a - a +0 flail (weapon)
Missiles
 Y - 3 throwing nets (quivered)
Armour
 b - a +0 leather armour
 c - a +0 helmet
 e - a +0 scale mail (worn)
Scrolls
 d - 2 scrolls of teleportation {unknown}
 i - a scroll of noise {unknown}
Potions
 h - a potion of lignification {unknown}
 j - 2 potions of agility {unknown}
Comestibles
 f - a bread ration {!e}
 g - 8 chunks of flesh
 k - a meat ration {!e}


   Skills:
 - Level 2.2 Fighting
 * Level 2.8 Maces & Flails
 - Level 1.8 Throwing
 - Level 3.0 Dodging


You had one spell level left.
You didn't know any spells.

Dungeon Overview and Level Annotations

Branches:
Dungeon (1/15)

Altars:


Innate Abilities, Weirdness & Mutations

You have a pair of small horns on your head.


Message History

No target in view!
No target in view!
No target in view!
Things that are here:
a dagger; a rat corpse You butcher the rat corpse.
g - 5 chunks of flesh (gained 1)
You see here a dagger.
You see here a leather armour.
You now have 5 gold pieces.
A ball python comes into view.
The ball python bites you but does no damage.
The ball python grabs you. The ball python constricts you.
You thump the ball python!
You kill the ball python!
No target in view!
No target in view!
You see here a ball python corpse.
You butcher the ball python corpse.
g - 7 chunks of flesh (gained 2)
A rat comes into view.
Found 24 arrows.
You barely miss the rat. The rat bites you but does no damage.
You closely miss the rat. The rat closely misses you.
You hit the rat.
You kill the rat!
Your Dodging skill increases to level 3!
No target in view!
You see here a rat corpse.
You butcher the rat corpse.
g - 8 chunks of flesh (gained 1)
You see here 24 arrows.
k - a meat ration {!e} A dart slug comes into view.
You hit the dart slug.
The dart slug is lightly wounded.
The dart slug launches a dart at you. The slug dart hits you!
Damage: 4 (max 4)
You sock the dart slug!
The dart slug is almost dead.
The dart slug barely misses you.
You hit the dart slug.
You kill the dart slug!
You have reached level 2!
You feel monstrous as your demonic heritage exerts itself.
Your demonic ancestry asserts itself...
A pair of horns grows on your head!
Your +0 helmet falls away!
Are you sure you want to abandon this character and quit the game? (Confirm with "yes".)

...# ######.#
...####......#
.....##......#
####.##......#
#............#
#.##.##......#
...#(#####.#.# #####
...#.# #.#.# #...#
...#.# #.#.# #@#
...#.#####.#.###.#.#.#
...........#.........#
#......#########.#.###
#................#...
###....#######...# ...
..#.##.#.....#...#
####
....##...###.#....
..##>.##.###.#....


There were no monsters in sight!

Vanquished Creatures
  A dart slug (D:1)
  A giant cockroach (D:1)
  A goblin (D:1)
  A ball python (D:1)
  3 bats (D:1)
  3 rats (D:1)
10 creatures vanquished.

Notes
Turn   | Place    | Note
--------------------------------------------------------------
     0 | D:1      | Gorice the Demonspawn Gladiator began the quest for the Orb.
     0 | D:1      | Reached XP level 1. HP: 16/16 MP: 1/1
   139 | D:1      | Reached skill level 3 in Dodging
   170 | D:1      | Gained mutation: You have a pair of small horns on your head. [demonic ancestry]
   170 | D:1      | Reached XP level 2. HP: 13/22 MP: 2/2
   171 | D:1      | Quit the game

Vault maps used:
D:1:      mrwooster_arrival_statue, st_stairs_7

Skill      XL: |  1 |
---------------+----+-----
Dodging        | 3 |  3.0
Fighting       | |  2.2
Maces & Flails | |  2.8
Throwing       | |  1.8

Action                   || total
-------------------------++-------
Melee: Flail             ||    33

Table legend:
 A = Turns spent in this place as a percentage of turns spent in the entire game.
 B = Non-inter-level travel turns spent in this place as a percentage of non-inter-level travel turns spent in the entire game.
 C = Inter-level travel turns spent in this place as a percentage of turns spent in this place.
 D = Turns resting spent in this place as a percentage of non-inter-level travel turns spent in this place.
 E = Turns spent auto-exploring this place as a percentage of non-inter-level travel turns spent in this place.
 F = Non-inter-level travel turns spent in this place divided by the number of levels of this place that you've seen.
                   A       B       C       D       E      F
               +-------+-------+-------+-------+-------+----------------------
         Total | 100.0 | 100.0 |   0.0 |   0.0 |   3.3 | 120.0
       Dungeon | 100.0 | 100.0 |   0.0 |   0.0 |   3.3 | 120.0
               +-------+-------+-------+-------+-------+----------------------

Vault maps used:
D:1:      mrwooster_arrival_statue, st_stairs_7
